Unix NetHack Version 5.0.0-0 post-release - last build May  4 2026 22:22:43 (774f63e81ad911689b3a0859ea89b322d5daca8d,branch:main).

Game began 2026-05-09 04:34:11, ended 2026-05-09 04:41:58.

BeardyHaddock, lawful male dwarven Archeologist

                                           ----
                                           |..---
                                         ---....|
                                        --..*.|.----
                        --    -----------..---|....-
                        -...............@.--  ---- .|
                                ----- -.....-       -
                                      .--.....
                                         ...<....
                                        --.....---
                                          ......
                                          -......
                                           -.|.---
                                            ----

BeardyHaddock the Field Worker  St:16 Dx:10 Co:13 In:16 Wi:14 Ch:10  Lawful
Dlvl:7  $:25 HP:0(26) Pw:7(7) AC:9  Xp:3 T:1244  Blind Deaf

Latest messages:
 What do you want to use or apply? [ae-hklruvx or ?*] g
 What do you want to rub on the stone? [$ty or ?*] y
 y - a worthless piece of black glass.
 What do you want to use or apply? [ae-hklruvx or ?*] g
 What do you want to rub on the stone? [$t or ?*] t
 t - a fluorite stone.
 You see here a milky potion.
 z - a milky potion.
 What do you want to drop? [$a-mq-z or ?*] ?
 You drop a worthless piece of black glass.
 You lash the shrieker!
 You lash the shrieker!
 You miss the shrieker.
 You kill the shrieker!
 Welcome to experience level 3.
 You see here a shrieker corpse.
 There is a shrieker corpse here; eat it? [ynq] (n) y
 This shrieker corpse tastes okay.
 You finish eating the shrieker corpse.
 You find a rolling boulder trap.
 A trap door opens up under you!
 You fall down a shaft!
 You see here a white gem.
 A - a white gem.
 What do you want to use or apply? [ae-hklruvx or ?*] g
 What do you want to rub on the stone? [$A or ?*] A
 A - a worthless piece of white glass.
 What do you want to drop? [$a-mq-xzA or ?*] A
 You drop a worthless piece of white glass.
 You are momentarily blinded by a flash of light!
 You hear a deafening roar!
 It kicks!
 It bites!
 It bites!
 It kicks!
 It bites!
 It kicks!
 It bites!
 It bites!
 You are put to sleep!
 It kicks!
 It bites!
 It bites!
 It kicks!
 You die...
 Do you want your possessions identified? [ynq] (y) y
 Do you want to see your attributes? [ynq] (y) n
 Do you want an account of creatures vanquished? [ynaq] (y) n
 Do you want to see your conduct and achievements? [ynq] (y) n
 Do you want to see the dungeon overview? [ynq] (y) n

Inventory:
 Coins    ('$')
  $ - 25 gold pieces
 Weapons  (')')
  a - a +2 bullwhip (weapon in right hand)
 Armor    ('[')
  c - an uncursed burnt +0 fedora (being worn)
  w - a cursed -2 pair of fumble boots
  b - an uncursed +0 leather jacket (being worn)
 Comestibles  ('%')
  j - an uncursed candy bar labeled "The Small Bar"
  d - 6 uncursed food rations
 Scrolls  ('?')
  m - an uncursed scroll of identify
  i - a blessed scroll of light
 Spellbooks  ('+')
  u - an uncursed spellbook of jumping
 Potions  ('!')
  z - an uncursed potion of blindness
 Tools    ('(')
  h - an empty uncursed sack
  v - an uncursed leash
  x - an uncursed leash
  e - a +0 pick-axe (alternate weapon; not wielded)
  r - a cursed tin opener
  k - an uncursed tin whistle
  l - an uncursed tin whistle
  f - a tinning kit (0:39)
 Gems/Stones  ('*')
  q - an uncursed aquamarine stone
  t - an uncursed fluorite stone
  s - 2 uncursed jasper stones
  g - an uncursed touchstone

BeardyHaddock the Archeologist's attributes:

Background:
 You were a Field Worker, a level 3 male dwarven Archeologist.
 You were lawful, on a mission for Quetzalcoatl
 who was opposed by Camaxtli (neutral) and Huhetotl (chaotic).
 You were right-handed.
 You were in the Gnomish Mines, on level 7.
 You entered the dungeon 1244 turns ago.
 It was nighttime.
 You had 43 experience points, 37 more were needed to attain level 4.

Basics:
 You had 0 out of 26 hit points.
 You had all 7 energy points (spell power).
 Your armor class was 9.
 Your wallet contained 25 zorkmids.
 Autopickup was off.

Final Characteristics:
 Your strength was 16 (limit:18/100).
 Your dexterity was 10 (limit:20).
 Your constitution was 13 (limit:20).
 Your intelligence was 16 (limit:16).
 Your wisdom was 14 (limit:16).
 Your charisma was 10 (limit:16).

Final Status:
 You were temporarily blind.
 You were deaf.
 You weren't hungry.
 You were unencumbered.
 You were wielding a whip.
 You had basic skill with whip.

Final Attributes:
 You were devoutly aligned.
 You had automatic searching.
 You had infravision.
 You were lucky.
 You are dead.

Miscellaneous:
 You didn't encounter any bones levels.
 Total elapsed playing time was 7 minutes and 45 seconds.

Major events:
 Turn
    1: BeardyHaddock the lawful male dwarven Archeologist entered the dungeon
  761: entered the Gnomish Mines
 1214: attained the rank of Field Worker (level 3)
 1244: killed by a pony, while sleeping

Spells:
 Name                 Level Category     Fail Retention
 jumping                1   escape         0%  76%-100%

Skills:
 Fighting Skills
   bare handed combat [Unskilled]
   two weapon combat  [Unskilled]
   riding             [Unskilled]
 Weapon Skills
   dagger             [Unskilled]
   knife              [Unskilled]
   pick-axe           [Basic]
   short sword        [Unskilled]
   saber              [Unskilled]
   club               [Unskilled]
   quarterstaff       [Unskilled]
   sling              [Unskilled]
   dart               [Unskilled]
   boomerang          [Unskilled]
   whip               [Basic]
   unicorn horn       [Unskilled]
 Spellcasting Skills
   attack spells      [Unskilled]
   healing spells     [Unskilled]
   divination spells  [Unskilled]
   matter spells      [Unskilled]

Voluntary challenges:
 Character rerolling was not enabled.
 You never genocided any monsters.
 You never polymorphed an object.
 You never changed form.
 You used no wishes.
Achievements:
 You entered the Gnomish Mines.
 You attained the rank of Field Worker.

 The Dungeons of Doom: levels 1 to 2
    Level 1:
       Some fountains.
    Level 2:
       Some fountains, some sinks.
       Stairs down to The Gnomish Mines.
 The Gnomish Mines: levels 3 to 7
    Level 3:
    Level 4:
    Level 5:
    Level 7: <- You were here.
       Final resting place for
          you, killed by a pony, while sleeping.


Vanquished creatures:
  a shrieker
  a hobbit
  a large kobold
  a giant rat
  2 gnomes
  a gecko
  2 jackals
  a fox
  2 grid bugs
  a lichen
  a kobold zombie
  4 newts
18 creatures vanquished.

No species were genocided or became extinct.

Game over:
                       ----------
                      /          \
                     /    REST    \
                    /      IN      \
                   /     PEACE      \
                  /                  \
                  |  BeardyHaddock   |
                  |      25 Au       |
                  | killed by a pony |
                  |                  |
                  |                  |
                  |                  |
                  |       2026       |
                 *|     *  *  *      | *
        _________)/\\_//(\/(/\)/\//\/|_)_______

Goodbye BeardyHaddock the Archeologist...

You died in The Gnomish Mines on dungeon level 7 with 505 points,
and 25 pieces of gold, after 1244 moves.
You were level 3 with a maximum of 26 hit points when you died.

